 Dungeon Crawl Stone Soup version 0.27-a0-1325-g58a489ad9e (webtiles) character file.

Game seed: 8162252098711089184

1819 puppykicker the Slasher (level 8, -14/78 (85) HPs)
             Began as a Vampire Arcane Marksman on June 24, 2021.
             Demolished by Harold (18 damage)
             ... on level 7 of the Dungeon.
             The game lasted 00:24:15 (7067 turns).

puppykicker the Slasher (Vampire Arcane Marksman)   Turns: 7067, Time: 00:24:16

HP:   -14/78 (85)   AC: 24    Str:  9    XL:     8   Next: 85%
MP:   3/11          EV:  2    Int: 15    God:
Gold: 294           SH:  0    Dex: 23    Spells: 1/11 levels left

rFire    . . .     SeeInvis +   w - +2 dagger (venom)
rCold    . . .     Faith    .   (no shield)
rNeg     + + +     Spirit   .   (armour currently unavailable)
rPois    +         Reflect  .   (helmet currently unavailable)
rElec    .         Harm     .   (cloak currently unavailable)
rCorr    .         Rampage  .   (gloves currently unavailable)
Will     .....     NoTele   +   (boots currently unavailable)
Stlth    +++.......             (no amulet)
HPRegen  0.43/turn              m - +6 ring of dexterity
MPRegen  0.12/turn              P - ring of poison resistance

@: mighty, tree-form, marked, healing quickly, hasted, drained, very quick
A: stationary, stasis, torment immunity, boosted hp, alive, (fangs 3), see
invisible, vampiric 2
a: Exsanguinate


You were on level 7 of the Dungeon.
You were a tree.
You visited 2 branches of the dungeon, and saw 8 of its levels.

You collected 294 gold pieces.

Inventory:

Hand Weapons
 a - a +0 shortbow
 b - a +0 long sword
 w - a +2 dagger of venom (weapon)
Missiles
 l - 6 poisoned darts (quivered)
 Q - 115 arrows
Armour
 c - +0 steam dragon scales (melded)
 e - a +0 helmet (melded)
 h - a +2 ring mail of poison resistance {rPois}
Jewellery
 m - a +6 ring of dexterity (left branch)
 N - a ring of positive energy {rN+}
 P - a ring of poison resistance (right branch)
Wands
 v - a wand of iceblast (3)
 y - a wand of charming (4)
 D - a wand of digging (3)
Scrolls
 d - a scroll of amnesia {unknown}
 g - a scroll of teleportation {unknown}
 i - a scroll of blinking {unknown}
 j - a scroll of immolation {unknown}
 o - a scroll of enchant armour {unknown}
 q - 2 scrolls of enchant weapon {unknown}
 r - 2 scrolls of vulnerability {unknown}
 s - a scroll of summoning {unknown}
 u - a scroll of holy word {unknown}
Potions
 f - a potion of lignification
 k - a potion of mutation {!q}
 n - a potion of resistance
 p - a potion of magic


   Skills:
 + Level 2.3 Fighting
 - Level 2.7(4.7) Short Blades
 * Level 5.4(5.7) Long Blades
 + Level 4.5 Bows
 - Level 3.0 Armour
 - Level 3.0 Dodging
 - Level 5.0 Stealth
 + Level 2.3 Spellcasting
 + Level 0.8 Conjurations
 - Level 4.4 Hexes
 - Level 2.0 Summonings
 - Level 2.0 Translocations
 + Level 1.1 Air Magic
 + Level 1.2 Poison Magic


You had one spell level left.
You knew the following spells:

 Your Spells              Type           Power      Damage    Failure   Level
a - Corona                Hex            16%        N/A       3%          1
b - Call Imp              Summ           7%         N/A       14%         2
p - Blink                 Tloc           N/A        N/A       14%         2
s - Slow                  Hex            15%        N/A       5%          2
x - Mephitic Cloud        Conj/Pois/Air  5%         N/A       38%         3

Your spell library contained the following spells:

 Spells                   Type           Power      Damage    Failure   Level
 Summon Small Mammal      Summ           28%        N/A       10%         1
 Magic Dart               Conj           16%        1d3       16%         1
 Foxfire                  Conj/Fire      12%        2x1d4     19%         1
 Beastly Appendage        Tmut           2%         N/A       22%         1
 Portal Projectile        Hex/Tloc       22%        N/A       17%         3
 Summon Guardian Golem    Hex/Summ       11%        N/A       17%         3
 Inner Flame              Hex/Fire       8%         N/A       26%         3
 Call Canine Familiar     Summ           7%         N/A       28%         3
 Cause Fear               Hex            7%         N/A       34%         4
 Conjure Flame            Conj/Fire      3%         6-21      47%         3
 Leda's Liquefaction      Hex/Erth       4%         N/A       65%         4
 Summon Lightning Spire   Summ/Air       6%         N/A       73%         4
 Summon Ice Beast         Ice/Summ       4%         N/A       80%         4


Dungeon Overview and Level Annotations

Branches:
Dungeon (7/15)             Temple (1/1) D:6

Altars:
Ashenzari
Cheibriados
Dithmenos
Elyvilon
Gozag
Kikubaaqudgha
Makhleb
Okawaru
Ru
Sif Muna
Vehumet
Wu Jian
Xom
Yredelemnul
Zin
The Shining One

Annotations:
D:7 Harold


Innate Abilities, Weirdness & Mutations

You are a tree.
Your roots penetrate the ground, keeping you stationary.
You cannot be teleported.
You are immune to unholy pain and torment.
Your maximum health is greatly increased.
Your equipment is partially melded.
Your natural rate of healing is accelerated.
((You have razor-sharp teeth.))
You have supernaturally acute eyesight. (SInv)
You are afflicted with vampirism and can become a bat while bloodless.


Message History

You bite Harold, but do no damage.
Harold hits you with a +2 flail of draining!!
* * * LOW HITPOINT WARNING * * *
You feel drained.
* * * LOW HITPOINT WARNING * * *
You take 32 damage, and have 3/52 hp.
MASSIVE DAMAGE!!
Really quaff the potion of lignification?
You turn into a tree.
Your +0 helmet melds into your body.
Your +0 steam dragon scales melds into your body.
Your roots penetrate the ground.
You now have 5/78 hp.
Unknown command.
Okay, then.
Unknown command.
You feel yourself speed up. Harold hits you but does no damage.
It was a potion of might.
You feel very mighty all of a sudden.
You hit Harold.
Harold looks as sick as possible!
Harold stops glowing.
Harold gestures at you while chanting. The mark upon you grows brighter.
Aiming: Charm
Press: ? - help, Shift-Dir - straight line, f/p - Harold
Aim: Harold, wielding a +2 flail of draining, wearing a +0 chain mail and quivering 2 throwing nets (moderately wounded, extremely poisoned, slow, chance to affect: 15%) Harold resists with almost no effort.
Throw: 8 darts (poison)
Press: ? - help, Shift-Dir - straight line, f/p - Harold
Aim: Harold, wielding a +2 flail of draining, wearing a +0 chain mail and quivering 2 throwing nets (moderately wounded, extremely poisoned, slow, 77% to hit)
You throw a poisoned dart. The poisoned dart barely misses Harold.
Throw: 7 darts (poison)
Press: ? - help, Shift-Dir - straight line, f/p - Harold
Aim: Harold, wielding a +2 flail of draining, wearing a +0 chain mail and quivering 2 throwing nets (heavily wounded, extremely poisoned, slow, 77% to hit)
You throw a poisoned dart. The poisoned dart barely misses Harold.
Harold hits you with a +2 flail of draining.
* * * LOW HITPOINT WARNING * * *
You take 2 damage, and have 4/78 hp.
You hit Harold. You puncture Harold!
Harold looks as sick as possible!
Harold hits you with a +2 flail of draining!!
You die...

#.# #.# #.#
#.# #.# #.#
#.# #.# #.#
#.# #.# #.#
#.# #.#
########.#
#.#
.........#
#♣#
##########..#
#@#
............#
#(#
##########.##
#.# #.# #.#
#.# #.# #.#
#.# #.. ...
#.#


You could see Harold (extremely poisoned, slow).

Levels and vault maps discovered:
D:1:      dpeg_arrival_rhombi, layout_basic,
          shapermc_ecumenical_altar_mp_ritualfount
D:2:      layout_loops_ring
D:3:      cheibrodos_pilgrimage, layout_loops_cross,
          lemuel_coloured_pillars_altar, chei_slow_surprise,
          lemuel_doored_altar, minmay_misc_feat_x
D:4:      layout_gridville
D:5:      layout_layer_cave
D:6:      layout_loops_ring, nicolae_sif_muna_little_library, temple_pool_b,
          uniq_edmund
D:7:      layout_basic, minmay_overflow_temple_star_quad, uniq_harold,
          uniq_maggie, uniq_menkaure, uniq_pikel
Temple:   nicolae_temple_hex_pool

Notes
Turn   | Place    | Note
-------+----------+-------------------------------------------
     0 | D:1      | puppykicker the Vampire Arcane Marksman began the quest for
                  | the Orb.
     0 | D:1      | Reached XP level 1. HP: 14/14 MP: 2/2
    44 | D:1      | Identified a +0 short sword
    50 | D:1      | Identified a +0 whip
    80 | D:1      | Identified a +0 shortbow
   160 | D:1      | Reached skill level 1 in Fighting
   168 | D:1      | Reached XP level 2. HP: 7/21 MP: 1/3
   191 | D:1      | Learned a level 2 spell: Slow
   348 | D:1      | Found a faded altar of an unknown god.
   353 | D:1      | Identified a +0 helmet
   548 | D:1      | Reached skill level 1 in Stealth
   606 | D:1      | Identified a +0 robe
   618 | D:1      | Identified a +1 hunting sling of freezing
   805 | D:1      | Identified a +0 short sword
   919 | D:2      | Reached skill level 2 in Bows
   934 | D:2      | HP: 5/21 [poisoned by an adder]
   935 | D:2      | Identified a potion of curing
   937 | D:2      | Gained mutation: You are afflicted with vampirism and can
                  | become a bat while bloodless. [Vampire growth]
   937 | D:2      | Reached XP level 3. HP: 12/26 MP: 0/4
   987 | D:2      | Identified a +2 ring mail of poison resistance
  1035 | D:2      | Identified a +0 whip
  1057 | D:2      | Identified a +0 long sword
  1166 | D:2      | Identified a +0 leather armour
  1200 | D:2      | Reached skill level 1 in Short Blades
  1307 | D:2      | Identified a +0 ring mail
  1382 | D:2      | Identified a +0 short sword
  1570 | D:2      | Identified a +0 dagger
  1611 | D:3      | Identified a +0 dagger
  1619 | D:3      | Reached skill level 2 in Stealth
  1633 | D:3      | Identified a +0 chain mail
  1713 | D:3      | Identified a +6 ring of dexterity
  1759 | D:3      | Identified a +0 vorpal mace
  1762 | D:3      | Identified 2 scrolls of identify
  1762 | D:3      | Identified a potion of heal wounds
  1763 | D:3      | Identified 3 potions of lignification
  1776 | D:3      | Reached XP level 4. HP: 30/32 MP: 5/5
  1782 | D:3      | Identified a +0 hand axe
  1782 | D:3      | Identified a +0 club
  1782 | D:3      | Identified a +0 ring mail
  1782 | D:3      | Identified a +0 mace
  1782 | D:3      | Identified a +0 hand axe
  1782 | D:3      | Identified a +0 leather armour
  1797 | D:3      | HP: 8/32 [orc (2)]
  1891 | D:3      | Identified a +0 dagger
  1891 | D:3      | Identified a +0 robe
  1902 | D:3      | Reached skill level 1 in Armour
  1913 | D:3      | Reached XP level 5. HP: 23/37 MP: 4/7
  1969 | D:3      | Identified a +0 whip
  1969 | D:3      | Identified a +0 club
  1970 | D:3      | Identified a +0 short sword
  1970 | D:3      | Identified a +0 whip
  1970 | D:3      | Identified a +0 leather armour
  1971 | D:3      | Identified a +0 dagger
  1971 | D:3      | Identified a +0 chain mail
  1975 | D:3      | Reached skill level 3 in Dodging
  2078 | D:3      | Identified a +0 dagger
  2130 | D:3      | Found a basalt altar of Yredelemnul.
  2280 | D:3      | Found a snail-covered altar of Cheibriados.
  2343 | D:3      | Identified a +0 dagger
  2403 | D:3      | Learned a level 2 spell: Blink
  2406 | D:3      | Learned a level 2 spell: Call Imp
  2708 | D:4      | Identified a +0 club
  2722 | D:4      | Identified a +0 short sword
  2750 | D:4      | Reached skill level 1 in Long Blades
  2790 | D:4      | Identified a potion of mutation
  2863 | D:4      | Reached skill level 2 in Short Blades
  2910 | D:4      | Identified a +0 giant club
  2910 | D:4      | Noticed an ogre
  2960 | D:4      | Killed an ogre
  2961 | D:4      | Reached skill level 2 in Fighting
  2961 | D:4      | Reached skill level 3 in Stealth
  2961 | D:4      | Reached XP level 6. HP: 39/44 MP: 0/8
  3384 | D:4      | Identified a +0 dagger
  3563 | D:4      | Identified a +0 club
  3564 | D:4      | Identified a +0 flail
  3564 | D:4      | Identified a +0 hand axe
  3564 | D:4      | Identified a +0 dagger
  3564 | D:4      | Identified a +0 robe
  3660 | D:5      | Entered Level 5 of the Dungeon
  3729 | D:5      | Reached skill level 2 in Spellcasting
  3729 | D:5      | Reached skill level 1 in Summonings
  3743 | D:5      | Reached skill level 1 in Translocations
  3932 | D:5      | Reached XP level 7. HP: 37/50 MP: 10/10
  4004 | D:5      | Reached skill level 2 in Long Blades
  4004 | D:5      | Reached skill level 3 in Bows
  4004 | D:5      | Reached skill level 4 in Stealth
  4050 | D:5      | Identified a potion of resistance
  4313 | D:5      | Identified a ring of poison resistance
  4361 | D:5      | Reached skill level 2 in Armour
  4427 | D:5      | Identified a +2 flail of holy wrath
  4561 | D:5      | Identified a ring of positive energy
  4620 | D:5      | Reached skill level 2 in Summonings
  4706 | D:5      | Identified a potion of haste
  4888 | D:5      | Identified a +0 ring mail
  5126 | D:6      | Reached skill level 5 in Stealth
  5165 | D:6      | Identified a +0 scale mail of fire resistance
  5169 | D:6      | Found a staircase to the Ecumenical Temple.
  5178 | Temple   | Entered the Ecumenical Temple
  5289 | D:6      | Identified a +0 hand axe
  5360 | D:6      | HP: 10/50 [white imp/puff of frost (4)]
  5365 | D:6      | Reached skill level 2 in Translocations
  5372 | D:6      | Reached skill level 3 in Long Blades
  5438 | D:6      | Identified a +0 falchion
  5461 | D:6      | Reached XP level 8. HP: 51/56 MP: 11/11
  5461 | D:6      | Identified a potion of magic
  5472 | D:6      | Identified a +0 hand axe
  5539 | D:6      | Reached skill level 3 in Armour
  5752 | D:6      | HP: 19/84 [hornet zombie (3)]
  5758 | D:6      | Reached skill level 4 in Long Blades
  5758 | D:6      | Reached skill level 4 in Bows
  5987 | D:6      | Identified a +2 flail of protection
  5987 | D:6      | Identified a +0 ring mail
  5987 | D:6      | Noticed Edmund
  5999 | D:6      | Killed Edmund
  6153 | D:6      | Identified a +0 mace
  6175 | D:6      | Identified a +2 dagger of holy wrath
  6175 | D:6      | Identified a +0 leather armour
  6177 | D:6      | Identified a +2 dagger of venom
  6177 | D:6      | Identified a +0 robe
  6177 | D:6      | Identified a +0 flail
  6177 | D:6      | Identified a +0 club
  6177 | D:6      | Identified a +0 chain mail
  6198 | D:6      | Reached skill level 5 in Long Blades
  6311 | D:6      | Found a shimmering blue altar of Sif Muna.
  6321 | D:6      | Got Sif Muna's Catalogue of Confrontation
  6323 | D:6      | Got Sif Muna's Collected Works on Moulding
  6326 | D:6      | Got Sif Muna's Tome of Polytheism
  6339 | D:6      | Learned a level 3 spell: Mephitic Cloud
  6365 | D:6      | Identified a +0 dagger
  6366 | D:6      | Identified a +0 glaive
  6366 | D:6      | Identified a +0 plate armour
  6366 | D:6      | Identified a +0 dagger
  6366 | D:6      | Identified a +0 robe
  6367 | D:6      | Identified a +0 ring mail
  6367 | D:6      | Identified a +0 club
  6367 | D:6      | Identified a +0 ring mail
  6749 | D:7      | Identified a +1 halberd of flaming
  6749 | D:7      | Identified +0 steam dragon scales
  6749 | D:7      | Noticed Maggie
  6764 | D:7      | HP: 16/84 [Maggie (9)]
  6773 | D:7      | Killed Maggie
  6774 | D:7      | Reached skill level 1 in Air Magic
  6774 | D:7      | Reached skill level 1 in Poison Magic
  7000 | D:7      | Identified a +0 mace
  7000 | D:7      | Identified a +0 ring mail
  7043 | D:7      | Identified a +2 flail of draining
  7043 | D:7      | Identified a +0 chain mail
  7043 | D:7      | Noticed Harold
  7058 | D:7      | HP: 3/52 [Harold (11)]
  7061 | D:7      | Identified a potion of might
  7065 | D:7      | HP: 4/78 [Harold (3)]
  7067 | D:7      | Demolished by Harold

Table legend: (Time is in decaauts)
 A = Elapsed time spent in this place.
 B = Non-inter-level travel time spent in this place.
 C = Inter-level travel time spent in this place.
 D = Time resting spent in this place.
 E = Time spent auto-exploring this place.
 F = Levels seen in this place.
 G = Mean time per level.
                   A        B        C        D        E       F      G
               +--------+--------+--------+--------+--------+-----+--------+
         Total |   7160 |   6988 |    172 |   1263 |   4274 |   8 |  895.0 |
       Dungeon |   7082 |   6917 |    165 |   1263 |   4203 |   7 | 1011.7 |
        Temple |     77 |     71 |      6 |      0 |     71 |   1 |   77.0 |
               +--------+--------+--------+--------+--------+-----+--------+

Top non-repeatable levels by time:
     D:6: 1588 daAuts
     D:5: 1465 daAuts
     D:3: 1074 daAuts
     D:4: 1020 daAuts
     D:1: 898 daAuts
     D:2: 727 daAuts
     D:7: 309 daAuts
  Temple: 77 daAuts

Table legend:
 A = Kills in this place as a percentage of kills in entire the game.
 B = Kills by you in this place as a percentage of kills by you in the entire game.
 C = Kills by friends in this place as a percentage of kills by friends in the entire game.
 D = Other kills in this place as a percentage of other kills in the entire game.
 E = Experience gained in this place as a percentage of experience gained in the entire game.
 F = Experience gained in this place divided by the number of levels of this place that you have seen.
                   A       B       C       D       E      F
               +-------+-------+-------+-------+-------+----------------------
         Total | 100.0 | 100.0 | 100.0 |   N/A | 100.0 | 324.9
       Dungeon | 100.0 | 100.0 | 100.0 |   N/A | 100.0 | 371.3
               +-------+-------+-------+-------+-------+----------------------

Skill      XL: |  1  2  3  4  5  6  7  8 |
---------------+-------------------------+-----
Fighting       | 1 2 |  2.3
Stealth        | 1 2 3 5 |  5.0
Bows           | 2 3 4 |  4.5
Short Blades   | 1 2 |  2.7
Armour         | 1 2 3 |  3.0
Dodging        | 3 |  3.0
Long Blades    | 1 3 5 |  5.4
Spellcasting   | 2 |  2.3
Summonings     | 1 2 |  2.0
Translocations | 1 2 |  2.0
Air Magic      | 1 |  1.1
Poison Magic   | 1 |  1.2
Conjurations   | |  0.8
Hexes          | |  4.4

Action                   |  1- 3 |  4- 6 |  7- 9 || total
-------------------------+-------+-------+-------++-------
Melee: Short sword       |    74 |       |       ||    74
       Bite              |     5 |    30 |    34 ||    69
       Long sword        |    44 |   173 |   150 ||   367
       Dagger            |       |       |    29 ||    29
 Fire: Shortbow          |    12 |    23 |    44 ||    79
Throw: Dart              |       |       |    18 ||    18
 Cast: Corona            |     6 |     6 |     5 ||    17
       Slow              |     6 |     9 |    23 ||    38
Evoke: Wand              |       |       |     9 ||     9
  Use: Potion            |     1 |     1 |     7 ||     9
       Scroll            |     2 |     1 |     3 ||     6
 Stab: Sleeping          |     5 |     8 |     4 ||    17
       Distracted        |       |       |     1 ||     1
Armor: Robe              |    22 |       |       ||    22
       Ring mail         |    27 |    80 |    88 ||   195
       Skin              |       |       |    11 ||    11
Dodge: Dodged            |    72 |   117 |   106 ||   295
       Rpst.: Long sword |    10 |    33 |    22 ||    65

Vanquished Creatures
  Maggie (D:7)
  Edmund (D:6)
  An orc warrior (D:6)
  A hornet zombie (D:6)
  2 black bears (D:6)
  An ice beast (D:6)
  An ogre (D:4)
  3 scorpions
  2 bullfrog zombies (D:5)
  3 hounds (D:5)
  An orc priest (D:3)
  2 jellies
  A centaur skeleton (D:4)
  8 iguanas
  4 orc wizards
  A hound skeleton (D:4)
  A mummy (D:3)
  5 adders
  A shadow imp (D:5)
  A white imp (D:6)
  An ufetubus (D:6)
  7 worms
  A dart slug (D:3)
  19 orcs
  5 endoplasms
  6 giant cockroaches
  4 hobgoblins
  4 jackals (D:1)
  5 kobolds
  3 quokkas
  4 ball pythons
  6 bats
  4 goblins
  6 rats
116 creatures vanquished.

Vanquished Creatures (collateral kills)
  2 orcs (D:6)
2 creatures vanquished.

Grand Total: 118 creatures vanquished
